 Dungeon Crawl Stone Soup version 0.32-a0-306-gfed3edf829 (webtiles) character file.

Game seed: 4795522515147388796

15997 holysushi the Slicer (level 12, -2/89 HPs)
             Began as a Demonspawn Monk on Feb 14, 2024.
             Was the Champion of Lugonu.
             Slain by a komodo dragon (23 damage)
             ... on level 2 of the Lair of Beasts.
             The game lasted 00:25:47 (14284 turns).

holysushi the Slicer (Demonspawn Monk)             Turns: 14284, Time: 00:25:47

Health: -2/89      AC:  7    Str: 17    XL:     12   Next: 6%
Magic:  16/16      EV: 15    Int: 11    God:    Lugonu [******]
Gold:   697        SH:  4    Dex: 15    Spells: 10/11 levels left

rFire   + . .        a - +4 short sword
rCold   + + .        s - +0 buckler "Ylegiuganu" {rF+ rC+ rCorr Stlth+}
rNeg    . . .        M - +2 steam dragon scales
rPois   .            h - melded +0 helmet
rElec   .            (cloak currently unavailable)
rCorr   +            (gloves currently unavailable)
SInv    +            (boots currently unavailable)
Will    .....        r - amulet of magic regeneration
Stlth   ++++         p - ring of protection from cold
HPRegen 0.34/turn    v - ring of see invisible
MPRegen 0.55/turn

%: no passive effects
@: beast-form
A: beast (slay +4), hooves 1, ignite blood 2, spiny 1, weakness stinger 2
a: Begin Untransformation, Renounce Religion, Depart the Abyss, Banish, Corrupt,
Enter the Abyss, Brand Weapon With Distortion


You were on level 2 of the Lair of Beasts.
You worshipped Lugonu.
Lugonu was exalted by your worship.
You were a hulking beast.
You visited 2 branches of the dungeon, and saw 13 of its levels.

You collected 809 gold pieces.
You spent 112 gold pieces at shops.

Inventory:

Hand Weapons
 a - a +4 short sword (weapon)
 d - a +2 dagger of venom
 F - a +1 short sword of flaming
 P - a +2 scimitar
Missiles
 i - 30 poisoned darts (quivered)
 y - 5 silver javelins
 C - 5 atropa-tipped darts
 O - 3 throwing nets
Armour
 h - a +0 helmet (melded)
 s - the +0 buckler "Ylegiuganu" (worn) {rF+ rC+ rCorr Stlth+}
   (You found it on level 3 of the Dungeon)

   rF+:       It protects you from fire.
   rC+:       It protects you from cold.
   rCorr:     It protects you from acid and corrosion.
   Stlth+:    It makes you more stealthy.
 t - a +0 cloak
 E - a +0 helmet
 M - +2 steam dragon scales (worn)
Jewellery
 c - a ring of magical power
 p - a ring of protection from cold (left hand)
 r - an amulet of magic regeneration (around neck)
 v - a ring of see invisible (right hand)
 G - a ring of flight
 X - a ring of resist corrosion
Talismans
 f - a beast talisman (active)
Wands
 J - a wand of roots (12)
 L - a wand of light (9)
 N - a wand of paralysis (5)
 U - a wand of polymorph (10)
 V - a wand of flame (26)
Scrolls
 b - a scroll of revelation {unknown}
 e - 3 scrolls of identify
 g - a scroll of amnesia {unknown}
 j - 2 scrolls of fear
 k - 7 scrolls of teleportation
 m - 2 scrolls of vulnerability {unknown}
 w - 4 scrolls of poison {unknown}
 x - a scroll of enchant armour {unknown}
 B - a scroll of immolation {unknown}
 D - 4 scrolls of blinking {unknown}
 K - a scroll of summoning {unknown}
 R - 2 scrolls of noise {unknown}
 W - a scroll of enchant weapon
 Z - 2 scrolls of silence {unknown}
Potions
 l - a potion of mutation
 n - 3 potions of haste
 o - 2 potions of cancellation
 q - 2 potions of brilliance
 u - a potion of resistance
 z - 4 potions of curing
 A - a potion of heal wounds {unknown}
 H - 2 potions of lignification {unknown}
 I - a potion of invisibility {unknown}
 Q - a potion of might {unknown}
 S - a potion of berserk rage
 T - 3 potions of attraction
 Y - a potion of enlightenment {unknown}


   Skills:
 + Level 6.5 Fighting
 - Level 12.0 Short Blades
 - Level 8.0 Dodging
 - Level 4.0 Stealth
 - Level 2.0 Shields
 - Level 3.1 Unarmed Combat
 - Level 6.0 Invocations
 - Level 2.0 Evocations
 - Level 7.0 Shapeshifting


You had 10 spell levels left.
You knew the following spells:

 Your Spells              Type           Power      Damage    Failure   Level
a - Apportation           Tloc           0%         N/A       41%         1

Your spell library contained the following spells:

 Spells                   Type           Power      Damage    Failure   Level
 Necrotise                Necr           0%         1d4       41%         1
 Sting                    Conj/Alch      0%         1d3       41%         1
 Summon Small Mammal      Summ           0%         N/A       41%         1
 Cigotuvi's Dreadful Rot  Necr/Alch/Air  0%         N/A       56%         2
 Sublimation of Blood     Necr           0%         N/A       56%         2
 Call Canine Familiar     Summ           0%         N/A       80%         3
 Sigil of Binding         Hex            0%         N/A       80%         3
 Tukima's Dance           Hex            0%         N/A       80%         3
 Dimensional Bullseye     Hex/Tloc       0%         N/A       99%         4
 Ignite Poison            Fire/Alch      0%         N/A       99%         4
 Passage of Golubria      Tloc           0%         N/A       99%         4
 Petrify                  Alch/Erth      0%         N/A       99%         4
 Summon Blazeheart Golem  Fire/Summ      0%         N/A       99%         4
 Freezing Cloud           Conj/Ice/Air   0%         6-21      100%        5
 Irradiate                Conj/Alch      0%         3d11      100%        5
 Yara's Violent Unravell  Hex/Alch       0%         3d3       100%        5
 Orb of Destruction       Conj           0%         9d5       100%        7
 Spellforged Servitor     Conj/Summ      0%         N/A       100%        7


Dungeon Overview and Level Annotations

Branches:
Dungeon (11/15) Zot: 26940  Temple (0/1) D:6            Lair (2/5) D:8 Zot: 10585
    Orc (0/2) D:10
  Swamp: Lair:2-3    Shoals: Lair:2-3     Snake: Lair:2-3    Spider: Lair:2-3

Altars:
Cheibriados
Dithmenos
Fedhas
Gozag
Nemelex Xobeh
Okawaru
Ru
Uskayaw
Vehumet
Wu Jian
Xom
Yredelemnul
Lugonu

Shops:
D:8 !

Annotations:
D:5 1 runed translucent door, greenreed's ghost, amateur DrSh
Abyss:1 Sigmund


Innate Abilities, Weirdness & Mutations

You are a hulking beast.
Your limbs bulge with bestial killing power. (Slay +4)
You have large cloven feet.
Your demonic aura often causes spilled blood to erupt in flames.
You are partially covered in sharp spines.
You have a tail ending in a sharp stinger.


Message History

2 komodo dragons and 2 frilled lizards come into view.
The komodo dragon hisses angrily. x2
The komodo dragon moves out of view.
An iguana and a frilled lizard come into view.
The frilled lizard hisses angrily.
The iguana hisses angrily.
The frilled lizard hisses angrily.
The frilled lizard completely misses you.
You hear an angry hiss.
You hit the frilled lizard.
You kill the frilled lizard!
Lugonu accepts your kill.
The frilled lizard is struck by your spines.
You kill the frilled lizard!
Lugonu accepts your kill.
You hit the frilled lizard.
You kill the frilled lizard!
Lugonu accepts your kill.
You hit the komodo dragon. You kick the komodo dragon.
The komodo dragon is lightly wounded.
The komodo dragon completely misses you.
You hit the komodo dragon. You kick the komodo dragon.
The komodo dragon is moderately wounded.
The komodo dragon is struck by your spines.
The komodo dragon bites you!
You closely miss the komodo dragon. You kick the komodo dragon!
The komodo dragon is heavily wounded.
You puncture the komodo dragon! You tail-slap the komodo dragon.
The komodo dragon is moderately wounded.
The komodo dragon is struck by your spines.
The komodo dragon bites you!!
You hit the komodo dragon.
You kick the komodo dragon, but do no damage.
The komodo dragon is severely wounded.
The komodo dragon is engulfed in blazing flames.
The komodo dragon is struck by your spines.
The komodo dragon bites you!!
* * * LOW HITPOINT WARNING * * *
The komodo dragon is struck by your spines.
The komodo dragon bites you!!
You die...

# #..# #..###.†## #~ ..#
#...##†#####
#~~####.###†.†.....P##
#~#≈≈#.##.†..........
..##~≈≈≈≈......#.#..###P
..l~≈≈~≈~≈~≈≈≈..##......
...~~#l####≈≈..#....#..
###~ #lll##≈≈###.......
#h#..##≈##........
###..##≈#.........
l####.......... .#
##.#P...#.. .#
#.....##### ## ####.##
###


You could see 2 komodo dragons, an iguana and a frilled lizard.

Vanquished Creatures
  A black mamba (Lair:1)
  A rust devil (D:9)
  Joseph (Lair:1)
  3 cane toads
  3 kobold demonologists (D:9)
  4 unseen horror zombies (D:9)
  Maggie (D:7)
  3 komodo dragons
  2 polar bears
  A hornet (D:10)
  A wyvern (D:9)
  A wraith (D:7)
  25 yaks
  A steam dragon (D:9)
  A neqoxec (D:10)
  3 vampire mosquitoes (D:9)
  A basilisk (Lair:2)
  5 water moccasins
  A sky beast (D:8)
  3 orc warriors
  2 ice beasts
  2 black bears (D:8)
  6 ogres
  5 centaurs
  A phantom (D:6)
  5 bullfrogs
  6 kobold brigands
  6 scorpions
  2 gnoll sergeants
  3 wights (D:8)
  3 killer bees (D:8)
  3 howler monkeys
  An electric eel (D:7)
  3 crimson imps
  3 centaur zombies (D:9)
  7 hounds
  A bombardier beetle (D:3)
  5 gnoll boudas (D:10)
  An orc priest (D:9)
  2 jellies
  An iron imp (D:10)
  Terence (D:2)
  A sleepcap (D:5)
  2 iguanas (Lair:2)
  9 orc wizards
  Robin (D:2)
  3 howler monkey zombies (D:9)
  13 gnolls
  7 adders
  3 shadow imps
  2 white imps
  2 ufetubi (D:6)
  A dart slug (D:1)
  3 ribbon worms
  31 orcs
  8 endoplasms
  5 giant cockroaches
  11 goblins
  16 hobgoblins
  4 jackals (D:3)
  5 quokkas
  9 ball pythons
  8 bats
  11 frilled lizards
  21 kobolds
  8 rats
315 creatures vanquished.

Vanquished Creatures (others)
  An ufetubus (D:10)
1 creature vanquished.

Grand Total: 316 creatures vanquished

Notes
Turn   | Place    | Note
-------+----------+-------------------------------------------
     0 | D:1      | holysushi the Demonspawn Monk began the quest for the Orb.
     0 | D:1      | Reached XP level 1. HP: 18/18 MP: 1/1
   239 | D:1      | Reached skill level 3 in Short Blades
   241 | D:1      | Discovered your monstrous ancestry.
   241 | D:1      | Gained mutation: You have large cloven feet. [demonic
                  | ancestry]
   241 | D:1      | Reached XP level 2. HP: 23/24 MP: 2/2
   450 | D:1      | Reached XP level 3. HP: 29/29 MP: 3/3
  1132 | D:1      | Reached skill level 4 in Short Blades
  1543 | D:2      | Found a faded altar of an unknown god.
  1547 | D:2      | Noticed Robin
  1558 | D:2      | Killed Robin
  1586 | D:2      | Prayed at the altar of an unknown god.
  1586 | D:2      | Became a worshipper of Lugonu the Unformed
  1586 | D:2      | Reached * piety under Lugonu
  1586 | D:2      | Reached ** piety under Lugonu
  1612 | D:2      | Gained mutation: You have a small tail. [demonic ancestry]
  1612 | D:2      | Reached XP level 4. HP: 33/35 MP: 4/4
  1760 | D:2      | Reached *** piety under Lugonu
  1761 | D:2      | Reached skill level 1 in Invocations
  1911 | D:2      | Noticed Terence
  1942 | D:2      | Killed Terence
  2149 | D:2      | Gained mutation: You are partially covered in sharp spines.
                  | [demonic ancestry]
  2149 | D:2      | Reached XP level 5. HP: 40/41 MP: 6/6
  2724 | D:3      | Identified the +0 buckler "Ylegiuganu" {rF+ rC+ rCorr
                  | Stlth+}
  2766 | D:3      | Reached skill level 5 in Short Blades
  2819 | D:3      | Found an ornate altar of the Wu Jian Council.
  2923 | D:3      | Found a shadowy altar of Dithmenos.
  2957 | D:3      | Found an iron altar of Okawaru.
  2990 | D:3      | Reached skill level 1 in Shields
  3174 | D:3      | Gained mutation: Your demonic aura sometimes causes spilled
                  | blood to erupt in flames. [demonic ancestry]
  3174 | D:3      | Reached XP level 6. HP: 47/47 MP: 8/8
  3204 | D:3      | Reached **** piety under Lugonu
  3428 | D:3      | Noticed a +0 dagger
  3428 | D:3      | Noticed a +0 short sword
  3428 | D:3      | Noticed a +0 falchion
  3428 | D:3      | Noticed a +0 falchion
  3428 | D:3      | Noticed a +0 spear
  3428 | D:3      | Noticed a +0 spear
  3429 | D:3      | Noticed a +0 short sword
  3432 | D:3      | Noticed a +0 dagger
  3440 | D:3      | Found a hide-covered altar of Uskayaw.
  3947 | D:4      | Noticed Sigmund
  3949 | D:4      | Banished Sigmund
  3950 | D:4      | Reached skill level 6 in Short Blades
  3950 | D:4      | Reached skill level 5 in Invocations
  3950 | D:4      | Reached XP level 7. HP: 51/52 MP: 5/11
  4037 | D:4      | Learned a level 1 spell: Apportation
  4078 | D:4      | Found a radiant altar of Vehumet.
  4225 | D:4      | Found a sacrificial altar of Ru.
  4466 | D:5      | Entered Level 5 of the Dungeon
  4669 | D:5      | Found a runed translucent door.
  4669 | D:5      | Noticed greenreed's ghost (amateur DrSh)
  4825 | D:5      | Reached skill level 7 in Short Blades
  5215 | D:5      | Gained mutation: Your demonic aura often causes spilled
                  | blood to erupt in flames. [demonic ancestry]
  5215 | D:5      | Reached XP level 8. HP: 58/58 MP: 12/12
  5447 | D:6      | Reached skill level 8 in Short Blades
  5589 | D:6      | Found a staircase to the Ecumenical Temple.
  6002 | D:7      | Noticed Maggie
  6052 | D:6      | Reached skill level 1 in Evocations
  6531 | D:6      | Reached skill level 9 in Short Blades
  6813 | D:7      | Killed Maggie
  6814 | D:7      | Reached XP level 9. HP: 42/63 MP: 13/13
  6944 | D:7      | Noticed a skeletal warrior
  7331 | D:8      | Found a sparkling altar of Nemelex Xobeh.
  7350 | D:8      | Found a staircase to the Lair.
  7350 | D:8      | Noticed a komodo dragon
  7380 | D:7      | Reached skill level 5 in Dodging
  7382 | D:7      | Reached skill level 1 in Unarmed Combat
  7661 | D:8      | Banished a komodo dragon
  7726 | D:8      | Found a shimmering altar of Xom.
  7761 | D:8      | Found an opulent altar of Gozag.
  7799 | D:8      | Reached skill level 10 in Short Blades
  8077 | D:8      | Reached skill level 11 in Short Blades
  8211 | D:8      | Found Darre's Distillery.
  8238 | D:8      | Bought a potion of berserk rage for 70 gold pieces
  8238 | D:8      | Bought a potion of attraction for 42 gold pieces
  8282 | D:8      | Reached skill level 1 in Stealth
  8282 | D:8      | Reached XP level 10. HP: 64/70 MP: 14/14
  8860 | D:8      | Found a blossoming altar of Fedhas.
  9392 | D:9      | Reached ***** piety under Lugonu
  9795 | D:9      | Reached skill level 12 in Short Blades
 10351 | D:9      | Found a basalt altar of Yredelemnul.
 10378 | D:9      | Reached skill level 5 in Fighting
 10637 | D:9      | Reached XP level 11. HP: 80/80 MP: 15/15
 10719 | D:10     | Entered Level 10 of the Dungeon
 11483 | D:10     | Reached skill level 1 in Shapeshifting
 11929 | D:10     | Found a staircase to the Orcish Mines.
 11973 | D:10     | Found a snail-covered altar of Cheibriados.
 12500 | D:10     | Reached ****** piety under Lugonu
 12820 | Lair:1   | Entered Level 1 of the Lair of Beasts
 12993 | Lair:1   | Noticed Joseph
 13000 | Lair:1   | Killed Joseph
 13187 | Lair:1   | Reached skill level 5 in Shapeshifting
 14027 | Lair:2   | Gained mutation: You have a tail ending in a sharp stinger.
                  | [demonic ancestry]
 14027 | Lair:2   | Reached XP level 12. HP: 71/88 MP: 16/16
 14284 | Lair:2   | Slain by a komodo dragon

Illustrated notes

Levels and vault maps discovered:
D:1:      dpeg_arrival_morbid_curiosity, layout_loops_ring
D:2:      minmay_inner_zag, layout_basic, shapermc_ecumenical_altar_ellora,
          minmay_hedge_maze, minmay_split_cup_small, uniq_robin, uniq_terence
D:3:      layout_loops_cross, nicolae_uskayaw_en_pointe, general_overflow_altar,
          nicolae_overflow_crystal_walls, lemuel_tele_altar
D:4:      layout_loops_ring, mainiacjoe_overflow_chevrons,
          nicolae_ru_the_path_less_chosen, uniq_sigmund
D:5:      layout_gridville, elyvilon_altar_4, gammafunk_ghost_grave
D:6:      layout_gridville, minmay_temple_entry_waves, palyth_stone_intersect
D:7:      minmay_chambers_of_sixes, layout_rooms, serial_bayou,
          serial_bayou_crossing, serial_bayou_shore_a, serial_bayou_pond_c,
          serial_bayou_pond_b, serial_bayou_pond_a, uniq_maggie,
          uniq_crazy_yiuf_cottage
D:8:      layout_loops_cross, grunt_temple_overflow_gold_and_silver,
          amcnicky_altar_gilded, old_standard_altar, nemelex_spade_bored_becter,
          due_lair_maze_entry_diamond, serial_shops, shop_statue, minivault_26
D:9:      layout_small_grid, nicolae_yredelemnul_corpse_copse
D:10:     kennysheep_seaside_town, layout_rooms, tso_altar,
          kennysheep_little_box, orc_0_dummy, nicolae_demonic_statue_gallery
D:11:     layout_irregular_city, serial_glass, glass_columns_c, glass_columns_a
Lair:1:   layout_cave_pods, uniq_joseph
Lair:2:   lemuel_reptile_caves, layout_loops_ring, uniq_erica

Skill      XL: |  1  2  3  4  5  6  7  8  9 10 11 |
---------------+----------------------------------+-----
Short Blades   | 3 4 5 6 7 9 11 12 | 12.0
Invocations    | 2 3 5 6 |  6.0
Shields        | 1 2 |  2.0
Evocations     | 2 |  2.0
Dodging        | 5 6 8 |  8.0
Unarmed Combat | 3 |  3.1
Stealth        | 1 4 |  4.0
Fighting       | 5 6 |  6.5
Shapeshifting  | 7 |  7.0

Action                     |  1- 3 |  4- 6 |  7- 9 | 10-12 || total
---------------------------+-------+-------+-------+-------++-------
  Melee: Short sword       |   103 |   209 |   322 |   546 ||  1180
         Kick              |    19 |    69 |   123 |   243 ||   454
         Tailslap          |       |    24 |    59 |   108 ||   191
  Throw: Dart              |       |       |     7 |       ||     7
 Invoke: Banish            |       |     1 |     1 |       ||     2
  Evoke: Wand              |       |       |     8 |     5 ||    13
    Use: Potion            |       |     1 |       |       ||     1
         Scroll            |       |     2 |     8 |     1 ||    11
   Stab: Invisible         |       |       |     3 |     1 ||     4
         Sleeping          |       |       |       |    18 ||    18
 Armour: Robe              |    35 |       |       |       ||    35
         Leather armour    |    23 |    30 |       |       ||    53
         Scale mail        |       |    53 |       |       ||    53
         Chain mail        |       |    25 |   122 |       ||   147
         Steam dragon scal |       |       |    66 |   209 ||   275
  Dodge: Dodged            |    65 |    67 |    87 |   202 ||   421
  Block: Buckler           |       |    15 |    50 |    74 ||   139
   Form: Beast             |       |       |       |     1 ||     1

Table legend: (Time is in decaauts)
 A = Elapsed time spent in this place.
 B = Non-inter-level travel time spent in this place.
 C = Inter-level travel time spent in this place.
 D = Time resting spent in this place.
 E = Time spent auto-exploring this place.
 F = Levels seen in this place.
 G = Mean time per level.
                   A        B        C        D        E       F      G
               +--------+--------+--------+--------+--------+-----+--------+
         Total |  13874 |  13404 |    470 |   3326 |   6666 |  13 | 1067.2 |
       Dungeon |  12460 |  12009 |    451 |   3118 |   5760 |  11 | 1132.7 |
          Lair |   1413 |   1395 |     18 |    208 |    906 |   2 |  706.5 |
               +--------+--------+--------+--------+--------+-----+--------+

Top non-repeatable levels by time:
     D:8: 1784 daAuts
     D:9: 1657 daAuts
    D:10: 1503 daAuts
     D:6: 1494 daAuts
     D:1: 1473 daAuts
  Lair:1: 1163 daAuts
     D:2: 1141 daAuts
     D:3: 967 daAuts
     D:7: 819 daAuts
     D:4: 815 daAuts
     D:5: 800 daAuts
  Lair:2: 250 daAuts
    D:11: 1 daAuts
